 Dungeon Crawl Stone Soup version 0.32-a0-921-g04a7ad8e02 (webtiles) character file.

Game seed: 16592505447090057704

3477 GeoRichter the Basher (level 9, -2/79 HPs)
             Began as an Armataur Warper on Apr 12, 2024.
             Slain by a gnoll bouda
             ... wielding a +0 trident
              (7 damage)
             ... in a bailey.
             The game lasted 00:10:05 (5530 turns).

GeoRichter the Basher (Armataur Warper)             Turns: 5530, Time: 00:10:06

Health: -2/79      AC:  7    Str: 21    XL:     9   Next: 79%
Magic:  11/11      EV: 13    Int: 14    God:
Gold:   231        SH:  0    Dex:  9    Spells: 11/11 levels left

rFire   . . .        l - +2 whip (venom)
rCold   . . .        (no shield)
rNeg    . . .        g - +3 leather armour
rPois   .            p - +0 hat
rElec   .            (no cloak)
rCorr   .            (no gloves)
SInv    .            (no barding)
Will    +....        (no amulet)
Stlth   +            i - +5 ring of evasion
HPRegen 0.98/turn    E - ring of willpower
MPRegen 0.45/turn

%: roll
@: mighty
A: large, deformed body, tough skin 3, armoured tail, rollpage 2
a: no special abilities


You were in a bailey.
You visited 1 branch of the dungeon, and saw 7 of its levels.
You also visited: Bailey.

You collected 377 gold pieces.
You spent 146 gold pieces at shops.

Inventory:

Hand Weapons
 l - a +2 whip of venom (weapon)
   (You took it off a kobold on level 2 of the Dungeon)
 y - a +1 flail of protection
   (You took it off Edmund on level 5 of the Dungeon)
Missiles
 b - 4 poisoned darts (quivered)
 d - 7 darts of dispersal {!f}
 H - 3 throwing nets {!f}
Armour
 g - a +3 leather armour (worn)
   (You found it on level 1 of the Dungeon)
 p - a +0 hat (worn)
   (You found it on level 3 of the Dungeon)
 r - a scarf of harm
   (You found it on level 4 of the Dungeon)
 x - the +0 leather armour "Gumouxza" {Will+}
   (You found it on level 5 of the Dungeon)

   Will+:     It increases your willpower.
Jewellery
 f - a ring of resist corrosion
   (You found it on level 7 of the Dungeon)
 i - a +5 ring of evasion (left hand)
   (You found it on level 2 of the Dungeon)
 z - a ring of fire
   (You found it on level 5 of the Dungeon)
 E - a ring of willpower (right hand)
   (You found it on level 4 of the Dungeon)
Wands
 k - a wand of polymorph (6)
   (You found it on level 2 of the Dungeon)
 s - a wand of paralysis (20)
   (You found it on level 6 of the Dungeon)
Scrolls
 c - a scroll of blinking
 j - 2 scrolls of vulnerability {!r}
 n - 4 scrolls of teleportation {@r4}
 q - a scroll of amnesia {unknown}
 u - a scroll of silence {unknown}
 C - 2 scrolls of noise {!r}
 D - a scroll of enchant weapon
 F - a scroll of poison {!r}
Potions
 a - a potion of curing {@q1}
 e - a potion of cancellation
 h - a potion of haste {@q3}
 o - 2 potions of might
 t - a potion of berserk rage {unknown}
 v - a potion of invisibility {unknown}
 w - a potion of lignification {unknown}
 A - a potion of ambrosia {unknown}
 G - a potion of degeneration {unknown}


   Skills:
 + Level 7.4 Fighting
 * Level 10.1 Maces & Flails
 - Level 0.8 Throwing
 - Level 1.2 Armour
 - Level 1.3 Dodging
 - Level 1.7 Spellcasting
 - Level 3.0 Translocations
 * Level 3.9 Evocations


You had 11 spell levels left.
You didn't know any spells.
Your spell library contained the following spells:

 Spells                   Type           Power      Damage    Failure   Level
 Blink                    Tloc           18%        N/A       12%         2
 Lesser Beckoning         Tloc           18%        N/A       12%         2
 Maxwell's Portable Pile  Tloc           9%         2d(6-16)  24%         3
 Teleport Other           Tloc           9%         N/A       24%         3
 Necrotise                Necr           4%         1d4       28%         1
 Frozen Ramparts          Ice            2%         1d1       63%         3
 Ozocubu's Armour         Ice            1%         N/A       63%         3
 Vampiric Draining        Necr           1%         2d6       63%         3
 Vhi's Electric Charge    Tloc/Air       10%        N/A       83%         4
 Martyr's Knell           Necr/Summ      1%         N/A       95%         4
 Curse of Agony           Necr           1%         N/A       100%        5
 Metabolic Englaciation   Hex/Ice        0%         N/A       100%        5


Dungeon Overview and Level Annotations

Branches:
Dungeon (7/15) Zot: 26777  Bailey (1/1) Zot: 5851
 Temple: D:4-7

Altars:
Ashenzari
Elyvilon
Fedhas
Trog
Vehumet

Shops:
D:3 ?:[!?   D:6 =

Annotations:
D:3 exclusion: statue Bailey Grum


Innate Abilities, Weirdness & Mutations

Armour fits poorly on your strangely shaped body.
You have extremely tough skin. (AC +3)
You have a long armoured tail.
You regenerate magic and health when rolling toward enemies. (Rampage Regen)


Message History

The wolf is heavily wounded.
The wolf barely misses you. The gnoll closely misses you. The wolf bites you.
The wolf closely misses you.
You closely miss the wolf.
The wolf is heavily wounded.
The gnoll closely misses you. The wolf completely misses you.
The wolf bites you.
You whack the wolf!
The wolf is poisoned.
Your tail-slap misses the wolf.
The wolf is almost dead.
Grum hits you but does no damage. The wolf bites you but does no damage.
The wolf misses you.
You hit the wolf but do no damage.
The wolf looks as sick as possible!
Your tail-slap misses the wolf.
The wolf is almost dead.
The gnoll misses you. The wolf misses you.
The wolf bites you but does no damage.
You miss the wolf.
The wolf is almost dead.
You kill the wolf!
The gnoll is no longer moving quickly.
Grum hits you with a +4 dire flail of protection!!
* * * LOW HITPOINT WARNING * * *
The gnoll hits you from afar with a +0 halberd.
* * * LOW HITPOINT WARNING * * *
The gnoll bouda barks out a call to the hunt!
The gnolls pick up the pace!
The wolf bites you.
* * * LOW HITPOINT WARNING * * *
You hit the wolf.
The wolf is almost dead.
The gnoll misses you. The wolf bites you.
* * * LOW HITPOINT WARNING * * *
Grum hits you with a +4 dire flail of protection.
* * * LOW HITPOINT WARNING * * *
You whack the wolf!
You kill the wolf!
The gnoll hits you from afar with a +0 halberd.
* * * LOW HITPOINT WARNING * * *
The gnoll closely misses you.
You roll towards the gnoll!
You whack the gnoll!
The gnoll looks as sick as possible!
The gnoll is almost dead.
You kill the gnoll!
Grum hits you with a +4 dire flail of protection!!
* * * LOW HITPOINT WARNING * * *
You feel better. The gnoll closely misses you.
Grum hits you with a +4 dire flail of protection!
* * * LOW HITPOINT WARNING * * *
The gnoll bouda hits you from afar with a +0 trident!
You die...

♣♣≈≈.. ♣.≈..# ♣♣.≈..#
♣♣..≈..# ♣...≈..# ####
♣...≈..# #...##
♣♣...≈..######.....##
#♣♣♣..).†..')..#...$...#
#∩†))...@)g)).('...ß...+
#♣♣♣....gg.)(..#...$...#
♣♣...≈..######.....##
♣♣..≈..# #...## ♣..≈..#
#### ♣..≈..# ♣♣.≈..#
♣.≈..#


You could see Grum (swift), a gnoll bouda and a gnoll (swift).

Vanquished Creatures
  A boulder beetle (D:7)
  Prince Ribbit (D:6)
  A hornet (D:7)
  Sigmund (D:2)
  2 wyverns (D:7)
  Edmund (D:5)
  3 water moccasins
  A black bear (D:6)
  2 wolves (Bailey)
  2 gnoll sergeants (Bailey)
  2 scorpions
  5 killer bees (D:5)
  2 howler monkeys
  2 bombardier beetles (D:5)
  2 orc priests (D:6)
  5 hounds
  2 jellies
  2 gnoll boudas (Bailey)
  Ijyb (D:5)
  2 iguanas (D:5)
  7 orc wizards
  8 gnolls
  5 adders
  2 white imps (D:6)
  3 ribbon worms
  2 dart slugs
  13 orcs
  6 ball pythons
  6 endoplasms
  3 giant cockroaches
  9 goblins
  6 hobgoblins
  7 jackals
  4 quokkas
  5 bats (D:1)
  A frilled lizard (D:2)
  9 kobolds
  6 rats
142 creatures vanquished.

Notes
Turn   | Place    | Note
-------+----------+-------------------------------------------
     0 | D:1      | GeoRichter the Armataur Warper began the quest for the Orb.
     0 | D:1      | Reached XP level 1. HP: 17/17 MP: 3/3
    43 | D:1      | Reached skill level 2 in Maces & Flails
    58 | D:1      | Reached XP level 2. HP: 19/24 MP: 4/4
   936 | D:2      | Reached XP level 3. HP: 12/29 MP: 5/5
  1109 | D:2      | Reached skill level 3 in Maces & Flails
  1191 | D:2      | Noticed Sigmund
  1364 | D:2      | Found a blossoming altar of Fedhas.
  1629 | D:2      | Killed Sigmund
  1630 | D:2      | Reached skill level 4 in Maces & Flails
  1630 | D:2      | Reached XP level 4. HP: 38/38 MP: 6/6
  1630 | D:2      | Reached XP level 5. HP: 45/45 MP: 7/7
  1984 | D:3      | Found Emaos's Distillery.
  2057 | D:3      | Bought a potion of curing for 39 gold pieces
  2057 | D:3      | Bought a potion of heal wounds for 65 gold pieces
  2063 | D:3      | Found Urhim's Magic Scroll Boutique.
  2072 | D:3      | Bought a scroll of teleportation for 42 gold pieces
  2104 | D:3      | Found a radiant altar of Vehumet.
  2106 | D:3      | Noticed a frost-covered statue
  2128 | D:3      | Found Fybeqo's Armour Boutique.
  2169 | D:3      | Found Heulel's Book Emporium.
  2280 | D:3      | Found a faded altar of an unknown god.
  2375 | D:3      | Found Seecaj's Magic Scroll Boutique.
  2698 | D:4      | Reached XP level 6. HP: 47/51 MP: 8/8
  2920 | D:4      | You fall into a shaft and drop 2 floors!
  2945 | D:6      | Reached skill level 5 in Maces & Flails
  2975 | D:6      | Noticed a water moccasin
  2998 | D:6      | Killed a water moccasin
  3122 | D:6      | Noticed Prince Ribbit
  3149 | D:6      | Killed Prince Ribbit
  3150 | D:6      | Reached skill level 6 in Maces & Flails
  3150 | D:6      | Gained mutation: You regenerate magic and health when
                  | rolling toward enemies. (Rampage Regen) [Armataur growth]
  3150 | D:6      | Reached XP level 7. HP: 52/60 MP: 9/9
  3310 | D:6      | Reached skill level 5 in Fighting
  3317 | D:6      | Reached skill level 7 in Maces & Flails
  3366 | D:6      | Found a broken altar of Ashenzari.
  3466 | D:6      | Found Dengiar's Jewellery Emporium.
  3556 | D:6      | Reached XP level 8. HP: 66/68 MP: 10/10
  3640 | D:5      | Entered Level 5 of the Dungeon
  3687 | D:5      | Noticed Ijyb
  3695 | D:5      | Paralysed by Ijyb for 4 turns
  3697 | D:5      | Killed Ijyb
  3832 | D:5      | Reached skill level 8 in Maces & Flails
  3833 | D:5      | Identified the +0 leather armour "Gumouxza" {Will+}
  3874 | D:5      | Noticed Edmund
  3900 | D:5      | Killed Edmund
  4032 | D:5      | Found a bloodstained altar of Trog.
  5023 | D:5      | Found a white marble altar of Elyvilon.
  5161 | D:7      | Noticed a boulder beetle
  5178 | D:7      | Killed a boulder beetle
  5179 | D:7      | Reached skill level 9 in Maces & Flails
  5179 | D:7      | Reached XP level 9. HP: 51/78 MP: 11/11
  5246 | D:7      | Reached skill level 1 in Evocations
  5347 | D:7      | Found a flagged portal.
  5361 | Bailey   | Entered a bailey
  5422 | Bailey   | Reached skill level 10 in Maces & Flails
  5511 | Bailey   | Noticed Grum
  5530 | Bailey   | Slain by a gnoll bouda

Illustrated notes

Levels and vault maps discovered:
D:1:      dpeg_arrival_fog, layout_basic
D:2:      layout_basic, basic_altar, uniq_sigmund
D:3:      layout_loops_ring, vehumet_statue, serial_shops, shop, shop,
          nicolae_diamond_shop, nicolae_diamond_shop, shop,
          hellmonk_ecumenical_altar_pennies_from_heaven
D:4:      layout_loops_corners
D:5:      layout_rooms, mainiacjoe_overflow_24_doors,
          mainiacjoe_overflow_alcove_2, minivault_23, minmay_misc_feat_pillars,
          uniq_edmund, uniq_ijyb
D:6:      layout_rooms, mainiacjoe_overflow_alcove_4, serial_shops,
          nicolae_shop_competitors_out_of_business, minmay_misc_feat_diagonals,
          uniq_prince_ribbit1
D:7:      layout_basic, grunt_gozag_statues, minmay_temple_entry_tees,
          serial_shops, shop, enter_bailey_5
Bailey:   bailey_polearm_gnolls_kennysheep, bailey

Skill      XL: |  1  2  3  4  5  6  7  8  9 |
---------------+----------------------------+-----
Maces & Flails | 2 4 6 7 9 10 | 10.1
Fighting       | 2 3 4 5 6 7 |  7.4
Evocations     | 3 |  3.9
Throwing       | |  0.8
Armour         | |  1.2
Dodging        | |  1.3
Spellcasting   | |  1.7
Translocations | |  3.0

Action                     |  1- 3 |  4- 6 |  7- 9 || total
---------------------------+-------+-------+-------++-------
  Melee: Mace              |   110 |       |       ||   110
         Tailslap          |    14 |    11 |    44 ||    69
         Whip              |    11 |   117 |   327 ||   455
  Throw: Dart              |       |       |     6 ||     6
  Evoke: Wand              |       |       |     3 ||     3
    Use: Scroll            |     2 |       |     5 ||     7
         Potion            |       |       |     3 ||     3
   Stab: Distracted        |       |     1 |       ||     1
         Paralysed         |       |       |    11 ||    11
 Armour: Leather armour    |    69 |    53 |   180 ||   302
  Dodge: Dodged            |    77 |    54 |   167 ||   298

Table legend: (Time is in decaauts)
 A = Elapsed time spent in this place.
 B = Non-inter-level travel time spent in this place.
 C = Inter-level travel time spent in this place.
 D = Time resting spent in this place.
 E = Time spent auto-exploring this place.
 F = Levels seen in this place.
 G = Mean time per level.
                   A        B        C        D        E       F      G
               +--------+--------+--------+--------+--------+-----+--------+
         Total |   5440 |   5205 |    235 |    400 |   3489 |   8 |  680.0 |
       Dungeon |   5292 |   5057 |    235 |    342 |   3489 |   7 |  756.0 |
        Bailey |    147 |    147 |      0 |     58 |      0 |   1 |  147.0 |
               +--------+--------+--------+--------+--------+-----+--------+

Top non-repeatable levels by time:
     D:4: 995 daAuts
     D:1: 963 daAuts
     D:2: 897 daAuts
     D:3: 778 daAuts
     D:6: 756 daAuts
     D:5: 680 daAuts
     D:7: 222 daAuts
  Bailey: 147 daAuts
